 Dungeon Crawl Stone Soup version 0.24.0-124-g2791043dd8 (webtiles) character file.

Game seed: 11391307870512085271, levelgen mode: deterministic

358878 Johnny the Sorcerer (level 21, -6/140 HPs)
             Began as a Deep Elf Earth Elementalist on Feb 15, 2020.
             Was the Champion of Dithmenos.
             Mangled by a stone giant (21 damage)
             ... on level 2 of the Depths on Feb 16, 2020.
             The game lasted 02:09:38 (51878 turns).

Johnny the Sorcerer (Deep Elf Earth Elementalist)  Turns: 51878, Time: 02:09:39

Health: -6/140     AC: 15    Str:  5    XL:     21   Next: 44%
Magic:  27/52      EV: 12    Int: 34    God:    Dithmenos [******]
Gold:   63         SH: 17    Dex: 15    Spells: 27/63 levels left

rFire    + . .     SeeInvis .   x - staff of earth
rCold    + + +     Gourm    .   J - +5 shield {AC+3}
rNeg     + + +     Faith    .   X - +2 leather armour "Gabb" {rN+++ Regen+ rCorr Stlth-}
rPois    +         Spirit   .   q - +0 Maxwell's etheric cage {RegenMP+ *Contam rElec MP+4}
rElec    +         Reflect  .   I - +2 cloak {MR+}
rCorr    +         Harm     .   y - +0 pair of gloves
MR       +++..                  H - +1 pair of boots "Puagup" {rC++ Stlth+}
Stlth    +++.......             o - amulet of magic regeneration
HPRegen  0.73/turn              n - ring of the Seven Blessings {+Blink +Fly rPois rC+ rN++} MPRegen 1.08/turn*
                                L - ring "Lyaheil" {rF+ rN+ Int+3}

@: wreathed by umbra, studying Hexes
A: blink, mutation resistance 1
}: 2/15 runes: decaying, gossamer
a: Blink, Shadow Step, Shadow Form, Renounce Religion, Evoke Blink, Evoke Flight


You were on level 2 of the Depths.
You worshipped Dithmenos.
Dithmenos was exalted by your worship.
You were not hungry.

You visited 9 branches of the dungeon, and saw 40 of its levels.
You also visited: Ossuary, Gauntlet, Ice Cave and Wizlab.

You collected 4778 gold pieces.
You spent 4715 gold pieces at shops.

Inventory:

Missiles
 b - 710 stones (quivered)
Armour
 q - the +0 Maxwell's etheric cage (worn) {RegenMP+ *Contam rElec MP+4}
   (You found it in a Gauntlet)

   It insulates you from electricity.
   It affects your magic capacity (+4).
   It causes magical contamination when unequipped.
 y - a +0 pair of gloves (worn)
 H - the +1 pair of boots "Puagup" (worn) {rC++ Stlth+}
   (You bought it in a shop on level 1 of the Elven Halls)

   It greatly protects you from cold.
   It makes you more stealthy.
 I - a +2 cloak of magic resistance (worn)
 J - a +5 shield of protection (worn)
 K - a +0 buckler of protection
 X - the +2 leather armour "Gabb" (worn) {rN+++ Regen+ rCorr Stlth-}
   (You found it on level 3 of the Elven Halls)

   It renders you almost immune to negative energy.
   It increases your rate of regeneration.
   It provides partial protection from all sources of acid and corrosion.
   It makes you less stealthy.
Magical Staves
 g - an uncursed staff of energy
 x - an uncursed staff of earth (weapon)
 G - an uncursed staff of power
 U - an uncursed staff of wizardry
Jewellery
 l - an uncursed ring of see invisible
 n - the ring of the Seven Blessings (left hand) {+Blink +Fly rPois rC+ rN++}
   (You bought it in a shop on level 2 of the Orcish Mines)

   [ring of poison resistance]

   It protects you from cold.
   It protects you from poison.
   It greatly protects you from negative energy.
   It lets you fly.
   It lets you blink.
 o - an amulet of magic regeneration (around neck)
 p - an uncursed ring of stealth
 C - an uncursed ring of magical power
 L - the ring "Lyaheil" (right hand) {rF+ rN+ Int+3}
   (You bought it in a shop on level 2 of the Orcish Mines)

   [ring of positive energy]

   It affects your intelligence (+3).
   It protects you from fire.
   It protects you from negative energy.
 W - an uncursed ring of protection from fire
Wands
 e - a wand of acid (2)
 F - a wand of paralysis (33)
 R - a wand of clouds (2)
 Z - a wand of digging (9)
Scrolls
 c - 8 scrolls of immolation
 h - a scroll of enchant armour
 i - 5 scrolls of identify
 j - 14 scrolls of fog
 k - 17 scrolls of remove curse
 s - 7 scrolls of teleportation
 t - 4 scrolls of magic mapping
 O - 2 scrolls of holy word
 T - 2 scrolls of silence
Potions
 a - 7 potions of might
 f - 10 potions of ambrosia
 r - 16 potions of curing
 u - 7 potions of lignification
 v - 5 potions of haste
 A - 6 potions of flight
 B - 11 potions of mutation
 D - 2 potions of agility
 E - 7 potions of brilliance
 Q - 5 potions of berserk rage
 S - 2 potions of cancellation
Books
 z - a manual of Hexes
Miscellaneous
 N - 2 phantom mirrors
 Y - a phial of floods
Comestibles
 d - 55 rations


   Skills:
 - Level 17.5 Fighting
 - Level 2.4 Dodging
 - Level 2.4 Stealth
 - Level 15.5 Shields
 - Level 21.7 Spellcasting
 - Level 11.2 Conjurations
 + Level 11.1 Hexes
 - Level 1.1 Transmutations
 - Level 18.9 Earth Magic


You had 27 spell levels left.
You knew the following spells:

 Your Spells              Type           Power        Failure   Level  Hunger
a - Sandblast             Erth           ######       0%          1    None
b - Stone Arrow           Conj/Erth      ######       0%          3    None
c - Lee's Rapid Deconstr  Erth           ########..   0%          5    None
d - Petrify               Tmut/Erth      ########     1%          4    None
e - Borgnjor's Vile Clut  Necr/Erth      ########..   1%          5    None
f - Sublimation of Blood  Necr           #####.....   1%          2    None
g - Regeneration          Chrm/Necr      #####.....   4%          3    None
h - Vampiric Draining     Necr           #####.....   4%          3    None
i - Blink                 Tloc           N/A          1%          2    None
j - Lehudib's Crystal Sp  Conj/Erth      ########..   19%         8    ###....

Your spell library contained the following spells:

 Spells                   Type           Power        Failure   Level  Hunger
 Confusing Touch          Hex            ######       0%          1    None
 Magic Dart               Conj           ####         0%          1    None
 Animate Skeleton         Necr           N/A          1%          1    None
 Apportation              Tloc           #####.       1%          1    None
 Flame Tongue             Conj/Fire      #####        1%          1    None
 Freeze                   Ice            ####         1%          1    None
 Pain                     Necr           ####         1%          1    None
 Shock                    Conj/Air       ####         1%          1    None
 Sting                    Conj/Pois      ####         1%          1    None
 Summon Butterflies       Summ           #####...     1%          1    None
 Summon Small Mammal      Summ           ####         1%          1    None
 Call Imp                 Summ           #####...     1%          2    None
 Corpse Rot               Necr           N/A          1%          2    None
 Ensorcelled Hibernation  Hex/Ice        ######       1%          2    None
 Passwall                 Tmut/Erth      ########     1%          2    None
 Poisonous Vapours        Pois/Air       #####.       1%          2    None
 Shroud of Golubria       Chrm/Tloc      #####.       1%          2    None
 Slow                     Hex            #######.     1%          2    None
 Throw Flame              Conj/Fire      ######       1%          2    None
 Throw Frost              Conj/Ice       ######       1%          2    None
 Confuse                  Hex            #######.     1%          3    None
 Conjure Flame            Conj/Fire      ######..     1%          3    None
 Inner Flame              Hex/Fire       ######..     1%          3    None
 Mephitic Cloud           Conj/Pois/Air  ######..     1%          3    None
 Portal Projectile        Hex/Tloc       ######       1%          3    None
 Cause Fear               Hex            #######...   1%          4    None
 Force Lance              Conj/Tloc      ######..     1%          4    None
 Leda's Liquefaction      Hex/Erth       ########..   1%          4    None
 Sticky Flame             Conj/Fire      ######..     1%          4    None
 Bolt of Magma            Conj/Fire/Erth ########..   1%          5    None
 Darkness                 Hex            #######...   1%          6    None
 Iron Shot                Conj/Erth      ########..   1%          6    None
 Ignite Poison            Fire/Tmut/Pois #####...     3%          3    None
 Fireball                 Conj/Fire      ######....   3%          5    None
 Irradiate                Conj/Tmut      ######....   3%          5    None
 Iskenderun's Battlesphe  Conj/Chrm      ######..     3%          5    None
 Metabolic Englaciation   Hex/Ice        ######....   3%          5    None
 Silence                  Hex/Air        ######....   3%          5    None
 Summon Mana Viper        Hex/Summ       ######..     3%          5    None
 Venom Bolt               Conj/Pois      ######....   3%          5    None
 Yara's Violent Unravell  Hex/Tmut       ######....   3%          5    None
 Statue Form              Tmut/Erth      ########.    3%          6    None
 Gell's Gravitas          Tloc           #####.....   4%          3    None
 Recall                   Summ/Tloc      N/A          4%          3    None
 Ice Form                 Ice/Tmut       #####...     11%         4    None
 Airstrike                Air            #####.....   13%         4    None
 Animate Dead             Necr           N/A          13%         4    None
 Olgreb's Toxic Radiance  Pois           #####...     13%         4    None
 Summon Lightning Spire   Summ/Air       #####...     13%         4    None
 Bolt of Cold             Conj/Ice       ######....   21%         6    None
 Conjure Ball Lightning   Conj/Air       ######....   21%         6    None
 Poison Arrow             Conj/Pois      ######....   21%         6    None
 Alistair's Intoxication  Tmut/Pois      #####...     30%         5    None
 Aura of Abjuration       Summ           #####.....   36%         5    None
 Excruciating Wounds      Chrm/Necr      #####.....   36%         5    None
 Summon Forest            Summ/Tloc      #####.....   36%         5    None
 Freezing Cloud           Conj/Ice/Air   ######....   41%         6    None
 Shatter                  Erth           ########..   50%         9    #####..
 Discord                  Hex            #######...   65%         8    ###....
 Spellforged Servitor     Conj/Summ      ######....   75%         7    None
 Hydra Form               Tmut           #####.....   78%         6    None
 Death Channel            Necr           #####.....   90%         6    None
 Deflect Missiles         Chrm/Air       #####.....   90%         6    None
 Ozocubu's Refrigeration  Ice            #####.....   90%         6    None
 Shadow Creatures         Summ           N/A          90%         6    None
 Simulacrum               Ice/Necr       #####.....   90%         6    None
 Dragon Form              Tmut           #####.....   100%        7    None
 Malign Gateway           Summ/Tloc      #####.....   100%        7    None
 Monstrous Menagerie      Summ           #####.....   100%        7    None
 Summon Greater Demon     Summ           #####.....   100%        7    None
 Summon Hydra             Summ           #####.....   100%        7    None
 Chain Lightning          Conj/Air       ######....   100%        8    ###....
 Ignition                 Fire           #####.....   100%        8    ###....
 Summon Horrible Things   Summ           #####.....   100%        8    ###....
 Fire Storm               Conj/Fire      ######....   100%        9    #####..
 Glaciate                 Conj/Ice       ######....   100%        9    #####..


Dungeon Overview and Level Annotations

Branches:
Dungeon (15/15)            Temple (1/1) D:4            Lair (6/6) D:8
  Swamp (4/4) Lair:3       Spider (4/4) Lair:2        Slime (0/5) Lair:6
    Orc (2/2) D:10            Elf (3/3) Orc:2        Vaults (3/5) D:14
  Crypt (0/3) Vaults:3     Depths (2/5) D:15        Ossuary (visited)
  IceCv (visited)          WizLab (visited)         Gauntlet (visited)

Altars:
Ashenzari
Cheibriados
Dithmenos
Elyvilon
Fedhas
Gozag
Hepliaklqana
Kikubaaqudgha
Makhleb
Nemelex Xobeh
Okawaru
Qazlal
Ru
Sif Muna
Trog
Uskayaw
Vehumet
Wu Jian
Xom
Yredelemnul
Zin
The Shining One
Beogh

Shops:
D:9 %*(:   D:10 *   Orc:2 ==%?   Elf:1 *%*[

Annotations:
D:5 2 transporters, Jabberih's ghost, novice DrFE
D:14 3 runed translucent doors


Innate Abilities, Weirdness & Mutations

You can translocate small distances at will.
You are somewhat resistant to further mutation.


Message History

The stone giant closely misses you. The troll bites you!
* * * LOW HITPOINT WARNING * * *
The troll claws you!
* * * LOW HITPOINT WARNING * * *
You block the troll's attack.
Unknown command.
Okay, then.
Okay, then.
Okay, then.
Okay, then.
You feel better.
You block the great orb of eyes's attack.
A red very ugly thing comes into view.
The stone giant closely misses you.
Casting: Blink (safe; 1% risk of failure)
Confirm with . or Enter, or press ? or * to list all spells.
You blink.
You block the great orb of eyes's attack.
You block the caustic shrike's attack. The stone giant hits you!!
You die...

... ...[# .. .u#.# #T# #G....
#.. #...... #.# ###Q[.....#.#
##############@Dg†......###.##
#§§§§§<§§§§D.bCGD.T...........
#§§§.()§§§§..TT§.........<>...
#§§§§T(§§T§...................
##################.#####.....#
## .....# ....# ....# ..##


You could see a caustic shrike, a red very ugly thing, 2 fire dragons, an ice
dragon, a stone giant, 2 great orbs of eyes, 3 deep trolls, a troll, a tengu
conjurer and a boggart.

Vanquished Creatures
  the Lernaean hydra (Swamp:4)
  Nikola (Swamp:1)
  A Cloud Mage (WizLab)
  3 tentacled monstrosities (Elf:1)
  4 deep elf master archers (Elf:3)
  Asterion (Spider:1)
  5 deep elf blademasters
  2 sphinxes
  Frances (Spider:1)
  A tengu reaver (Depths:2)
  A thorn hunter (Swamp:3)
  3 fire giants
  The ghost of Dugach the Peltast, an adept GrSu of Sif Muna (Elf:1)
  5 frost giants
  6 vault wardens
  Louise (Spider:1)
  9 deep elf sorcerers
  2 orc warlords
  5 emperor scorpions
  6 deep elf elementalists
  3 ghost moths (Spider:4)
  2 cacodemons (Elf:1)
  A spriggan defender (Depths:1)
  A very ugly thing (Vaults:3)
  5 stone giants
  9 ironheart preservers
  5 deep elf demonologists
  5 entropy weavers
  A dire elephant (D:15)
  8 deep elf annihilators (Elf:3)
  A minotaur (Gauntlet)
  4 spark wasps
  Azrael (Spider:2)
  4 ettins
  5 blizzard demons (WizLab)
  7 deep elf death magi
  3 deep elf high priests
  8 ogre magi
  3 fire dragons
  6 yaktaur captains
  2 rakshasas (Vaults:2)
  7 vault guards
  3 shambling mangroves
  30 two-headed ogres
  6 ghost crabs
  7 centaur warriors
  21 hydras
  2 spriggan air magi (WizLab)
  Erica (D:9)
  4 death knights
  13 alligators
  29 dancing weapons
  A death yak (Lair:5)
  3 tengu warriors
  6 deep troll earth magi
  2 deep troll shamans
  A vampire mage (Depths:1)
  6 orc high priests
  3 shock serpents (WizLab)
  Sonja (Lair:1)
  17 deep elf knights
  A shadow wraith (Vaults:3)
  2 flayed ghosts
  7 deep trolls
  An iron troll (Depths:2)
  A hell knight (Depths:2)
  8 swamp dragons
  2 death drakes (WizLab)
  An unseen horror (shapeshifter) (D:13)
  4 unseen horrors
  9 deep elf archers
  2 spriggan druids
  2 wizards (Vaults:3)
  8 ironbrand convokers
  14 orc knights
  A lindwurm (shapeshifter) (Vaults:2)
  An orange crystal statue (D:14)
  31 wolf spiders
  A necromancer (Gauntlet)
  2 phantasmal warriors
  3 oklob plants (Lair:5)
  An orb spider (shapeshifter) (Vaults:2)
  2 manticores (D:15)
  16 ugly things
  51 deep elf magi
  4 orc sorcerers
  14 orb spiders
  A salamander (D:15)
  4 cyclopes
  A moth of wrath (Spider:4)
  9 black mambas
  An ice statue (IceCv)
  10 elephants (Lair:6)
  12 vault sentinels
  A guardian serpent (Lair:6)
  A guardian serpent (shapeshifter) (Vaults:2)
  3 apocalypse crabs (WizLab)
  Psyche (D:11)
  2 gargoyles
  15 spiny frogs
  A spiny frog (shapeshifter) (Elf:2)
  A torpor snail (Lair:5)
  3 rime drakes
  5 freezing wraiths
  22 yaktaurs
  7 komodo dragons
  2 efreet
  16 demonic crawlers
  8 trolls
  17 polar bears
  28 jumping spiders
  A queen bee (shapeshifter) (D:15)
  8 tyrant leeches
  A polar bear (shapeshifter) (Vaults:2)
  27 hornets
  2 wind drakes (WizLab)
  4 blink frogs
  34 slime creatures
  A hippogriff (shapeshifter) (Elf:1)
  9 hippogriffs
  5 bog bodies
  25 tarantellas
  4 vampires
  15 air elementals
  2 shadows
  65 redbacks
  59 yaks
  3 water elementals
  12 wyverns
  17 spriggans
  11 large abominations
  7 wraiths
  A yak (shapeshifter) (Depths:2)
  6 fire elementals
  5 basilisks
  7 vampire mosquitoes
  A steam dragon (D:11)
  13 insubstantial wisps
  11 swamp worms
  9 wargs
  2 soldier ants (shapeshifter)
  3 acid dragons (D:12)
  2 soldier ants
  A water moccasin (shapeshifter) (D:14)
  8 porcupines
  64 orc warriors
  22 water moccasins
  3 hell hounds (Spider:2)
  An ettin simulacrum (Vaults:3)
  11 ice beasts
  A tengu (shapeshifter) (Elf:1)
  12 swamp drakes
  3 sky beasts
  25 ogres
  6 phantoms
  2 wolves (shapeshifter) (Elf:1)
  An eye of draining (D:14)
  A boggart (shapeshifter) (Elf:1)
  27 wolves
  16 boggarts
  14 centaurs
  3 big kobolds
  17 crocodiles
  A water moccasin zombie (D:8)
  19 bullfrogs
  2 wyvern zombies
  A bullfrog (shapeshifter) (Elf:1)
  A glowing shapeshifter simulacrum (Vaults:1)
  An earth elemental (Elf:1)
  13 scorpions
  8 wights
  2 howler monkeys
  5 electric eels
  5 crimson imps
  2 bullfrog zombies
  7 centaur zombies
  A quasit (D:8)
  5 small abominations (Gauntlet)
  8 hounds
  8 centaur skeletons
  2 human zombies (Ossuary)
  37 orc priests
  A hound (shapeshifter) (Elf:1)
  8 jellies
  44 orc wizards
  A bullfrog skeleton (D:6)
  2 iguanas
  Terence (D:1)
  10 worker ants
  A killer bee zombie (D:5)
  5 big kobold zombies (Ossuary)
  2 hound zombies
  3 hound skeletons
  3 mummies (Ossuary)
  2 worker ant zombies
  A howler monkey zombie (D:5)
  4 gnolls
  A howler monkey skeleton (D:6)
  3 scorpion zombies (Ossuary)
  An adder (shapeshifter) (Elf:1)
  10 adders
  8 shadow imps
  4 oozes
  An adder zombie (D:6)
  2 adder skeletons
  6 worms
  2 dart slugs
  6 leopard geckos
  132 orcs
  8 giant cockroaches
  7 goblins
  2 hobgoblins (D:3)
  7 jackals
  21 kobolds
  6 quokkas
  3 ball pythons
  9 bats
  4 frilled lizards
  2 goblin zombies (Ossuary)
  A hobgoblin zombie (Ossuary)
  A kobold zombie (Ossuary)
  A leopard gecko skeleton (D:7)
  A quokka skeleton (D:6)
  A quokka zombie (D:3)
  7 rats
  3 plants
1752 creatures vanquished.

Vanquished Creatures (collateral kills)
  2 hydras (Swamp:4)
  A spriggan druid (Swamp:4)
  2 hornets (Swamp:4)
  2 tyrant leeches (Swamp:4)
  A spriggan (Swamp:4)
  2 swamp worms (Swamp:4)
  A swamp drake (Swamp:4)
11 creatures vanquished.

Vanquished Creatures (others)
  A jumping spider (Spider:3)
  A tarantella (Spider:2)
  A wolf (IceCv)
  A scorpion (Ossuary)
  6 fungi (Lair:6)
  32 plants (Lair:6)
42 creatures vanquished.

Grand Total: 1805 creatures vanquished

Notes
Turn   | Place    | Note
-------+----------+-------------------------------------------
     0 | D:1      | Johnny the Deep Elf Earth Elementalist began the quest for
                  | the Orb.
     0 | D:1      | Reached XP level 1. HP: 10/10 MP: 6/6
   157 | D:1      | Reached XP level 2. HP: 13/16 MP: 6/8
   248 | D:1      | Reached skill level 1 in Fighting
   350 | D:1      | Found a glowing golden altar of the Shining One.
   737 | D:1      | Reached XP level 3. HP: 9/20 MP: 7/10
  1176 | D:2      | Learned a level 3 spell: Stone Arrow
  1272 | D:2      | Noticed Terence
  1358 | D:1      | Killed Terence
  1358 | D:1      | Reached XP level 4. HP: 19/26 MP: 0/11
  1646 | D:2      | Reached skill level 4 in Spellcasting
  2009 | D:2      | Found a blossoming altar of Fedhas.
  2779 | D:3      | Reached XP level 5. HP: 28/31 MP: 9/13
  3798 | D:4      | Reached XP level 6. HP: 23/37 MP: 15/15
  3928 | D:4      | Found a staircase to the Ecumenical Temple.
  3934 | D:4      | Reached skill level 5 in Spellcasting
  3964 | Temple   | Entered the Ecumenical Temple
  4227 | Temple   | Became a worshipper of Dithmenos the Shadowed
  4334 | D:4      | Found a shimmering altar of Xom.
  4425 | D:4      | Reached skill level 5 in Earth Magic
  4829 | D:5      | Entered Level 5 of the Dungeon
  4848 | D:5      | Noticed an ice beast
  4859 | D:5      | Learned a level 5 spell: Lee's Rapid Deconstruction
  4864 | D:5      | Learned a level 4 spell: Petrify
  4873 | D:5      | Killed an ice beast
  4922 | D:5      | Reached XP level 7. HP: 44/44 MP: 13/17
  5027 | D:5      | Found a transporter.
  5029 | D:5      | Found a transporter.
  5030 | D:5      | Noticed Jabberih's ghost (novice DrFE)
  5044 | D:5      | Reached skill level 6 in Spellcasting
  5108 | D:5      | Found an ancient bone altar of Kikubaaqudgha.
  5145 | D:5      | Reached * piety under Dithmenos
  5176 | D:5      | Reached skill level 5 in Fighting
  5207 | D:5      | Found a shattered altar of Ashenzari.
  5207 | D:5      | Found a shimmering blue altar of Sif Muna.
  5366 | D:5      | Reached XP level 8. HP: 49/49 MP: 10/20
  5820 | D:5      | Reached skill level 7 in Spellcasting
  5925 | D:6      | Found a sand-covered staircase.
  5935 | Ossuary  | Entered an ossuary
  6634 | Ossuary  | Reached ** piety under Dithmenos
  6678 | Ossuary  | Reached skill level 8 in Spellcasting
  6762 | D:6      | Reached XP level 9. HP: 56/56 MP: 5/23
  7865 | D:7      | Reached skill level 9 in Spellcasting
  8024 | D:8      | Noticed a two-headed ogre
  8085 | D:8      | Reached *** piety under Dithmenos
  8433 | D:8      | Killed a two-headed ogre
  8433 | D:8      | Reached XP level 10. HP: 36/65 MP: 1/25
  8442 | D:8      | Found a staircase to the Lair.
  8547 | D:8      | Reached skill level 10 in Spellcasting
  8606 | D:8      | Found an ornate altar of the Wu Jian Council.
  8955 | D:8      | Found an iron altar of Okawaru.
  9218 | D:9      | Noticed Erica
  9256 | D:9      | Killed Erica
  9414 | D:9      | Found Illuxuz's Book Shop.
  9454 | D:9      | Reached **** piety under Dithmenos
  9479 | D:9      | Found Nadwot's General Store.
  9612 | D:9      | Found a sacrificial altar of Ru.
  9652 | D:9      | Found Zigreiqy's Antique Weapon Shoppe.
  9662 | D:9      | Found Usuid's Food Boutique.
  9876 | D:9      | Bought a scroll of identify for 22 gold pieces
  9876 | D:9      | Bought a scroll of identify for 22 gold pieces
  9876 | D:9      | Bought a potion of brilliance for 44 gold pieces
  9876 | D:9      | Bought a scroll of teleportation for 33 gold pieces
 10017 | D:9      | Found a stormy altar of Qazlal.
 10071 | D:10     | Entered Level 10 of the Dungeon
 10091 | D:10     | Found Hachoafewu's Humungous Hoard.
 10120 | D:10     | Reached skill level 11 in Spellcasting
 10123 | D:10     | Bought a potion of haste for 150 gold pieces
 10123 | D:10     | Bought a potion of heal wounds for 75 gold pieces
 10123 | D:10     | Bought a scroll of holy word for 112 gold pieces
 10339 | D:10     | Noticed a two-headed ogre
 10354 | D:10     | Killed a two-headed ogre
 10354 | D:10     | Reached skill level 10 in Fighting
 10519 | D:10     | Reached XP level 11. HP: 56/72 MP: 13/28
 10710 | D:10     | Noticed a two-headed ogre
 10715 | D:10     | Killed a two-headed ogre
 10715 | D:10     | Reached skill level 10 in Earth Magic
 11166 | D:10     | Found a staircase to the Orcish Mines.
 11644 | D:11     | Noticed Psyche
 11763 | D:11     | Reached ***** piety under Dithmenos
 11862 | D:11     | Reached skill level 12 in Spellcasting
 11963 | D:11     | Killed Psyche
 12469 | D:11     | Noticed an unseen horror
 12471 | D:11     | Noticed an unseen horror
 12478 | D:11     | Killed an unseen horror
 12480 | D:11     | Killed an unseen horror
 12495 | D:11     | Noticed a two-headed ogre
 12502 | D:11     | Killed a two-headed ogre
 12602 | D:11     | Found an ancient bone altar of Kikubaaqudgha.
 12805 | D:11     | Found a shadowy altar of Dithmenos.
 12963 | D:12     | Noticed an unseen horror
 12968 | D:12     | Killed an unseen horror
 12968 | D:12     | Reached XP level 12. HP: 73/80 MP: 21/30
 13037 | D:12     | Reached skill level 13 in Spellcasting
 13226 | D:12     | Found Wiud's Antique Armour Emporium.
 13231 | D:12     | You fall into a shaft and drop 2 floors!
 13237 | D:14     | Noticed an eight-headed hydra
 13253 | D:14     | Killed an eight-headed hydra
 13312 | D:14     | Found a sacrificial altar of Ru.
 13323 | D:14     | Found a gate leading to a gauntlet.
 13324 | D:14     | Found a runed translucent door.
 13329 | Gauntlet | Entered a Gauntlet
 13329 | Gauntlet | Found a transporter.
 13338 | Gauntlet | Found a transporter.
 13353 | Gauntlet | Found a transporter.
 13355 | Gauntlet | Found a large runed translucent door.
 13355 | Gauntlet | Found a large runed translucent door.
 13356 | Gauntlet | Found a large runed translucent door.
 13356 | Gauntlet | Found a large runed translucent door.
 13357 | Gauntlet | Found a large runed translucent door.
 13357 | Gauntlet | Found a large runed translucent door.
 13357 | Gauntlet | Found a runed translucent door.
 13357 | Gauntlet | Found a runed translucent door.
 13357 | Gauntlet | Found a large runed translucent door.
 13358 | Gauntlet | Found a transporter.
 13383 | Gauntlet | Found a transporter.
 13388 | Gauntlet | Found a large runed translucent door.
 13389 | Gauntlet | Found a large runed translucent door.
 13390 | Gauntlet | Found a large runed translucent door.
 13390 | Gauntlet | Found a large runed translucent door.
 13391 | Gauntlet | Found a runed translucent gate.
 13392 | Gauntlet | Found a transporter.
 13392 | Gauntlet | Found a runed translucent gate.
 13393 | Gauntlet | Found a runed translucent gate.
 13394 | Gauntlet | Found a large runed translucent door.
 13394 | Gauntlet | Found a large runed translucent door.
 13395 | Gauntlet | Found the +0 Maxwell's etheric cage {RegenMP+ *Contam rElec
                  | MP+4}
 13395 | Gauntlet | Found a large runed translucent door.
 13396 | Gauntlet | Found a large runed translucent door.
 13404 | Gauntlet | Found a transporter.
 13424 | Gauntlet | Found a transporter.
 13430 | Gauntlet | Found a transporter.
 13430 | Gauntlet | Found a transporter.
 13445 | Gauntlet | Found a transporter.
 13445 | Gauntlet | Noticed a hell hog
 13457 | Gauntlet | Found a transporter.
 13463 | Gauntlet | Found a transporter.
 13463 | Gauntlet | Found a transporter.
 13502 | Gauntlet | Found a transporter.
 13503 | Gauntlet | Noticed a tengu warrior
 13530 | Gauntlet | Found a transporter.
 13530 | Gauntlet | Found a transporter.
 13550 | Gauntlet | Found a transporter.
 13624 | Gauntlet | Found a large runed translucent door.
 13764 | Gauntlet | Reached skill level 1 in Shields
 14274 | Gauntlet | Identified the ring of the Mutiny {rPois MR+ Str+8 Dex-3
                  | Stlth+}
 14274 | Gauntlet | Noticed a minotaur
 14285 | Gauntlet | Killed a minotaur
 14293 | Gauntlet | Identified the Compendium of Spatial Transmutation
 14380 | D:14     | Noticed a tengu warrior
 14382 | D:14     | Killed a tengu warrior
 14525 | D:13     | Noticed a two-headed ogre
 14530 | D:13     | Killed a two-headed ogre
 14574 | D:13     | Noticed a tengu warrior
 14598 | D:14     | Killed a tengu warrior
 15215 | D:14     | Found a runed translucent door.
 15265 | D:14     | Found a runed translucent door.
 15281 | D:14     | Found a runed translucent door.
 15532 | D:14     | Noticed a vault guard
 15877 | D:12     | Noticed a two-headed ogre
 15881 | D:12     | Killed a two-headed ogre
 16019 | D:12     | Learned a level 5 spell: Borgnjor's Vile Clutch
 16077 | D:12     | Noticed a centaur warrior
 16079 | D:12     | Killed a centaur warrior
 16403 | D:13     | Found a shattered altar of Ashenzari.
 16507 | D:13     | Reached ****** piety under Dithmenos
 16507 | D:13     | Reached XP level 13. HP: 67/87 MP: 26/32
 17588 | D:14     | Found a gate to the Vaults.
 18063 | D:15     | Entered Level 15 of the Dungeon
 18108 | D:15     | Reached skill level 5 in Shields
 18577 | D:15     | Noticed a dire elephant
 18592 | D:15     | Killed a dire elephant
 18828 | D:15     | Found a staircase to the Depths.
 19627 | Lair:1   | Entered Level 1 of the Lair of Beasts
 19674 | Lair:1   | Noticed Sonja
 19675 | Lair:1   | Killed Sonja
 20512 | Lair:2   | Got a brightly glowing spear
 20676 | Lair:2   | Identified the +7 spear "Mung" {pierce, rN+} (You found it
                  | on level 2 of the Lair of Beasts)
 20737 | Lair:2   | Reached XP level 14. HP: 78/94 MP: 23/33
 20952 | Lair:2   | Found a hole to the Spider Nest.
 21470 | Lair:3   | Found a staircase to the Swamp.
 21689 | Lair:3   | Learned a level 2 spell: Sublimation of Blood
 21693 | Lair:3   | Learned a level 3 spell: Regeneration
 21697 | Lair:3   | Learned a level 3 spell: Vampiric Draining
 22018 | Lair:3   | Reached skill level 10 in Shields
 22385 | Lair:3   | Reached skill level 14 in Spellcasting
 23819 | Lair:5   | Found a frozen archway.
 23837 | IceCv    | Entered an ice cave
 23899 | IceCv    | Got an ancient short sword
 24605 | IceCv    | Noticed a frost giant
 24625 | IceCv    | Killed a frost giant
 24686 | IceCv    | Identified Iplat's Disquisition on Snow
 25773 | Lair:6   | Entered Level 6 of the Lair of Beasts
 25827 | Lair:6   | Found a staircase to the Slime Pits.
 25845 | Lair:6   | Identified the +4 short sword of Poverty {freeze, rC+} (You
                  | found it in an ice cave)
 25873 | Lair:6   | Reached skill level 15 in Spellcasting
 25876 | Lair:6   | Reached XP level 15. HP: 62/100 MP: 29/36
 27532 | Orc:1    | Entered Level 1 of the Orcish Mines
 27557 | Orc:1    | Found a roughly hewn altar of Beogh.
 28015 | Orc:2    | Entered Level 2 of the Orcish Mines
 28271 | Orc:2    | Found a roughly hewn altar of Beogh.
 28350 | Orc:2    | Found Rorom's Magic Scroll Emporium.
 28366 | Orc:2    | Bought a scroll of summoning for 142 gold pieces
 28366 | Orc:2    | Bought a scroll of identify for 30 gold pieces
 28366 | Orc:2    | Bought a scroll of identify for 30 gold pieces
 28366 | Orc:2    | Bought a scroll of identify for 30 gold pieces
 28366 | Orc:2    | Bought a scroll of identify for 30 gold pieces
 28366 | Orc:2    | Bought a scroll of fog for 30 gold pieces
 28366 | Orc:2    | Bought a scroll of identify for 30 gold pieces
 28366 | Orc:2    | Bought a scroll of teleportation for 45 gold pieces
 28375 | Orc:2    | Found Vor Taul's Food Shoppe.
 28644 | Orc:2    | Noticed an orc warlord
 28660 | Orc:2    | Killed an orc warlord
 28798 | Orc:2    | Found Lecint's Jewellery Emporium.
 28826 | Orc:2    | Found a roughly hewn altar of Beogh.
 28853 | Orc:2    | Found Teiriu's Jewellery Shoppe.
 28860 | Orc:2    | Bought the ring of the Seven Blessings {+Blink +Fly rPois
                  | rC+ rN++} for 750 gold pieces
 29085 | Orc:2    | Found a staircase to the Elven Halls.
 29673 | Orc:2    | Bought the ring "Lyaheil" {rF+ rN+ Int+3} for 564 gold
                  | pieces
 29732 | Elf:1    | Entered Level 1 of the Elven Halls
 29742 | Elf:1    | Found Laniczip's Armour Shoppe.
 29777 | Elf:1    | You fall into a shaft and drop 1 floor!
 29777 | Elf:2    | Found a huge runed translucent gate.
 29777 | Elf:2    | Found a huge runed translucent gate.
 29777 | Elf:2    | Found a huge runed translucent gate.
 29777 | Elf:2    | Found a huge runed translucent gate.
 29777 | Elf:2    | Found a huge runed translucent gate.
 29788 | Elf:2    | Reached skill level 16 in Spellcasting
 29880 | Elf:1    | Found Fuhud's Food Shoppe.
 30030 | Elf:1    | Found Pecusysch's General Store.
 30120 | Elf:1    | Identified the Incunabulum of the Escort
 30204 | Elf:1    | Reached XP level 16. HP: 107/107 MP: 38/38
 30263 | Elf:1    | Found a runed translucent gate.
 30263 | Elf:1    | Found a runed translucent gate.
 30263 | Elf:1    | Found a runed translucent gate.
 30264 | Elf:1    | Noticed a tentacled monstrosity
 30266 | Elf:1    | Noticed a tentacled monstrosity
 30757 | Elf:1    | Found Jaib's Assorted Antiques.
 30766 | Elf:1    | Bought a scroll of identify for 58 gold pieces
 30766 | Elf:1    | Bought 2 scrolls of fog for 116 gold pieces
 30773 | Elf:1    | Noticed a tentacled monstrosity
 31080 | Elf:1    | Killed a tentacled monstrosity
 31083 | Elf:1    | Killed a tentacled monstrosity
 31250 | Elf:1    | Killed a tentacled monstrosity
 31318 | Elf:1    | Found a runed translucent gate.
 31318 | Elf:1    | Found a runed translucent gate.
 31319 | Elf:1    | Noticed Dugach's ghost (adept GrSu)
 31329 | Elf:1    | Found a runed translucent gate.
 31450 | Elf:1    | Bought a +1 cloak of magic resistance for 231 gold pieces
 31774 | Elf:2    | Learned a level 2 spell: Blink
 31787 | Elf:2    | Reached skill level 17 in Spellcasting
 31985 | Elf:2    | Noticed a deep elf blademaster
 31991 | Elf:2    | Killed a deep elf blademaster
 31991 | Elf:2    | Reached skill level 15 in Fighting
 31991 | Elf:2    | Reached skill level 15 in Earth Magic
 32408 | Elf:3    | Entered Level 3 of the Elven Halls
 32587 | Elf:3    | Got an ichor-stained leather armour
 32589 | Elf:3    | Identified the +2 leather armour "Gabb" {rN+++ Regen+ rCorr
                  | Stlth-} (You found it on level 3 of the Elven Halls)
 33040 | Elf:3    | Reached XP level 17. HP: 81/113 MP: 31/40
 33051 | Elf:3    | HP: 1/113 [deep elf annihilator/iron shot (20)]
 33053 | Elf:3    | Noticed a deep elf master archer
 33198 | Elf:3    | Killed a deep elf master archer
 33249 | Elf:3    | Noticed a deep elf blademaster
 33254 | Elf:3    | Killed a deep elf blademaster
 33259 | Elf:3    | Reached skill level 18 in Spellcasting
 33260 | Elf:3    | Noticed a deep elf blademaster
 33264 | Elf:3    | Killed a deep elf blademaster
 33296 | Elf:3    | Noticed a deep elf master archer
 33300 | Elf:3    | Killed a deep elf master archer
 33361 | Elf:3    | Noticed a deep elf master archer
 33364 | Elf:3    | Killed a deep elf master archer
 33425 | Elf:3    | Noticed a deep elf blademaster
 33430 | Elf:3    | Killed a deep elf blademaster
 33516 | Elf:3    | Noticed a deep elf master archer
 33531 | Elf:3    | Killed a deep elf master archer
 33657 | Elf:3    | Identified Sif Muna's Tome of Gliding Dislocation
 33661 | Elf:3    | Identified the Tome of Venomous Creation
 33676 | Elf:3    | Got an encrusted mace
 33677 | Elf:3    | Identified the cursed +1 mace of Yfyxy {crush, rF+ Int+4}
                  | (You found it on level 3 of the Elven Halls)
 33730 | Elf:3    | Identified the Papyrus of Poisoning and the Volcanoes
 33784 | Elf:3    | Got a pair of smoking gloves
 33785 | Elf:3    | Identified the cursed +0 pair of gloves of Moral Flaws {rN+
                  | MR- Dex+4} (You found it on level 3 of the Elven Halls)
 34153 | Elf:1    | Killed Dugach's ghost
 34213 | Elf:1    | Got a smoking robe
 34250 | Elf:1    | Gained mutation: You are weak. (Str -2) [mutagenic glow]
 34274 | Elf:1    | Gained mutation: You tend to lose your temper in combat.
                  | [mutagenic glow]
 34320 | Elf:1    | Gained mutation: Your system is resistant to poisons.
                  | (rPois) [mutagenic glow]
 34341 | Elf:1    | Identified the +2 robe "Saisopt" {rElec} (You found it on
                  | level 1 of the Elven Halls)
 34344 | Elf:1    | Bought the +1 pair of boots "Puagup" {rC++ Stlth+} for 515
                  | gold pieces
 34368 | Orc:2    | Gained mutation: Your spells are a little easier to cast,
                  | but a little less powerful. [mutagenic glow]
 34610 | Swamp:1  | Entered Level 1 of the Swamp
 34724 | Swamp:1  | Learned a level 8 spell: Lehudib's Crystal Spear
 34900 | Swamp:1  | Reached skill level 1 in Conjurations
 35185 | Swamp:1  | Noticed Nikola
 35203 | Swamp:1  | Killed Nikola
 35203 | Swamp:1  | Reached XP level 18. HP: 84/120 MP: 6/42
 35806 | Swamp:2  | Reached skill level 19 in Spellcasting
 35837 | Swamp:2  | Found a stormy altar of Qazlal.
 37150 | Swamp:4  | Entered Level 4 of the Swamp
 37274 | Swamp:4  | Noticed the 27-headed Lernaean hydra
 37349 | Swamp:3  | Gained mutation: You are clumsy. (Dex -2) [mutagenic glow]
 37426 | Swamp:3  | Lost mutation: You tend to lose your temper in combat.
                  | [potion of mutation]
 37426 | Swamp:3  | Lost mutation: You are weak. (Str -2) [potion of mutation]
 37426 | Swamp:3  | Lost mutation: Your system is resistant to poisons. (rPois)
                  | [potion of mutation]
 37426 | Swamp:3  | Gained mutation: You are somewhat resistant to further
                  | mutation. [potion of mutation]
 37427 | Swamp:3  | Lost mutation: You are clumsy. (Dex -2) [potion of
                  | mutation]
 37427 | Swamp:3  | Gained mutation: Your flesh is cold resistant. (rC+)
                  | [potion of mutation]
 37428 | Swamp:3  | Lost mutation: Your flesh is cold resistant. (rC+) [potion
                  | of mutation]
 37428 | Swamp:3  | Lost mutation: Your spells are a little easier to cast, but
                  | a little less powerful. [potion of mutation]
 37428 | Swamp:3  | Gained mutation: You can translocate small distances at
                  | will. [potion of mutation]
 38650 | Swamp:4  | Got a decaying rune of Zot
 38716 | Swamp:4  | Killed the 27-headed Lernaean hydra
 38762 | Swamp:4  | Reached skill level 5 in Conjurations
 39453 | Spider:1 | Entered Level 1 of the Spider Nest
 39453 | Spider:1 | Noticed Asterion
 39981 | Spider:1 | Noticed Frances
 40052 | Spider:1 | Killed Frances
 40326 | Spider:1 | Killed Asterion
 40719 | Spider:1 | Noticed Louise
 40728 | Spider:1 | Killed Louise
 41010 | Spider:2 | Noticed Azrael
 41013 | Spider:2 | Killed Azrael
 41024 | Spider:2 | Reached XP level 19. HP: 87/126 MP: 10/44
 42091 | Spider:3 | Reached skill level 20 in Spellcasting
 42703 | Spider:3 | Got a crude robe
 42704 | Spider:3 | Identified the cursed +1 robe "Pukigul" {*Drain rF++ Dex+5}
                  | (You found it on level 3 of the Spider Nest)
 42726 | Spider:4 | Entered Level 4 of the Spider Nest
 44051 | Spider:4 | Got a gossamer rune of Zot
 44386 | Vaults:1 | Entered Level 1 of the Vaults
 44386 | Vaults:1 | Found a magical portal.
 44933 | WizLab   | Noticed Ossiepy
 44946 | WizLab   | Killed Ossiepy the Cloud Mage
 45067 | WizLab   | Identified the Disquisition on Weightlessness
 45082 | WizLab   | Identified a +1 pair of boots of running (You found it in a
                  | wizard's laboratory)
 45523 | Vaults:1 | Reached XP level 20. HP: 133/133 MP: 13/46
 46835 | Vaults:2 | Reached skill level 15 in Shields
 46874 | Vaults:2 | Reached skill level 21 in Spellcasting
 47126 | Vaults:2 | Identified the +5 morningstar "Conservator" {antimagic, rC+
                  | Int+2}
 47718 | Vaults:2 | Reached skill level 10 in Conjurations
 49707 | Vaults:3 | Reached XP level 21. HP: 140/140 MP: 46/48
 50016 | Vaults:3 | Identified the Papyrus of Boosts and Cold
 50399 | Vaults:3 | Found a staircase to the Crypt.
 51113 | D:10     | Bought a manual of Hexes for 1656 gold pieces
 51258 | Depths:1 | Entered Level 1 of the Depths
 51350 | Depths:1 | Reached skill level 1 in Hexes
 51453 | Depths:1 | Reached skill level 5 in Hexes
 51850 | Depths:2 | Reached skill level 10 in Hexes
 51873 | Depths:2 | Noticed a caustic shrike
 51876 | Depths:2 | HP: 4/140 [troll (shapeshifter) (7)]
 51878 | Depths:2 | Mangled by a stone giant

Levels and vault maps discovered:
D:1:      dpeg_arrival_simpleton_c, layout_loops_ring, minivault_4, tso_altar
D:2:      cheibrodos_old_hovel, layout_basic, lemuel_coloured_pillars_altar,
          minmay_misc_feat_square, uniq_terence
D:3:      layout_loops_corners
D:4:      layout_gridville, lemuel_round_altar,
          minmay_temple_entry_statues_pillars, first_ration
D:5:      layout_basic, nicolae_overflow_crystal_walls,
          gammafunk_temple_overflow_elements, gammafunk_ghost_mausoleum
D:6:      layout_cave_pools, lightli_ossuary_entry_decrepit_ruins
D:7:      layout_loops_cross
D:8:      layout_rooms, okawaru_altar_gauntlet_db, lemuel_round_altar,
          lair_entry_dummy
D:9:      minmay_flawed_box, layout_long_grid, nicolae_qazlal_eye_of_the_storm,
          kennysheep_mini, serial_shops, shop_coins, shop, nicolae_shop_crystal,
          nicolae_shop_trees, uniq_erica
D:10:     layout_roguey, erik_orc_2, blue_anna_alchemist
          [blue_anna_fruit_fields, blue_anna_fruit_fields],
          nicolae_alphabet_shops
D:11:     layout_cave_pools, basic_altar, nicolae_dithmenos_the_darkroom,
          uniq_psyche
D:12:     layout_roguey, serial_shops, nicolae_shop_overgrown_old_shop
D:13:     layout_cave_pools, basic_altar, nooodl_food_tri
D:14:     layout_basic, david_vaults_5, nicolae_ru_sacrificial_ziggurat,
          gauntlet_entry_generic, minmay_statue_crystal_thing
D:15:     hangedman_depths_entry_try_elsewhere_first, layout_gridville
Temple:   oiseaux_autumnal_temple
Lair:1:   layout_small_grid, grunt_megastairs_5, uniq_sonja
Lair:2:   layout_layer_cave, spider_nest_entry_funnel_web, st_stairs_5,
          serial_bayou_shore_a
Lair:3:   kb_forest_paths, layout_chaotic_city, swamp_mist
Lair:4:   layout_layer_cave, lemuel_fruit_tree
Lair:5:   layout_regular_city, portal_ice_cave_entry_ice_beasts,
          minmay_lair_oklob_chamber
Lair:6:   hangedman_lair_tendril_chambers, layout_gridlike,
          nicolae_slime_entry_slimehenge
Swamp:1:  layout_falls_marsh, evilmike_swamp_ruin_rubble_1, swamp_pool1,
          nicolae_swamp_feature_on_the_river_bank, uniq_nikola
Swamp:2:  layout_basic_swamp, nicolae_swamp_godswood
Swamp:3:  layout_basic_swamp, hangedman_swamp_blocks
Swamp:4:  swamp_old_school, layout_basic_swamp
Spider:1: layout_spider_delve, guppyfry_spider_mini_1, uniq_frances,
          uniq_asterion, uniq_louise
Spider:2: layout_spider_delve, uniq_azrael
Spider:3: layout_spider_delve, hangedman_spider_tarantella_strand
Spider:4: guppyfry_spider_rune
Orc:1:    layout_caves, basic_altar
Orc:2:    pubby_orc_utopia
Elf:1:    kennysheep_oblong_rooms, layout_geoelf_octagon, serial_shops,
          nicolae_shop_behind_doors, nicolae_shop_stone,
          nicolae_shop_behind_doors, shop,
          ploomutoo_gammafunk_ghost_potion_laboratory, minmay_elf_demonology,
          minmay_curled_crystal
Elf:2:    layout_geoelf_octagon
Elf:3:    minmay_elf_hall_furrowed, layout_geoelf_diagonals
Vaults:1: nicolae_vaults_rhombus_7, v_misc_3, hangedman_vaults_snaps,
          v_alt_pattern_5, nicolae_vaults_diagonal_hallway_6,
          nicolae_vaults_little_squares_6, layout_vaults_omnigrid,
          infiniplex_enter_wizlab_glasses
Vaults:2: vaults_room_door_hall, hangedman_vaults_locks, st_octagons_2,
          hangedman_vaults_trim, vaults_room_door_hall,
          nicolae_vaults_little_squares_2, nicolae_vaults_network_periphery,
          hangedman_vaults_restitches, v_alt_pattern_4, vaults_room_pool,
          ontoclasm_vaults_twist, layout_vaults_omnibox
Vaults:3: hangedman_vaults_variations, v_rooms_5, hangedman_vaults_hat,
          nicolae_vaults_twisting_passages, v_rooms_6, st_hourglassy,
          blue_anna_dwarven_crypt, layout_vaults_chaotic_city
Depths:1: layout_cave_pools, lightli_too_deep, grunt_decor_one_mirror,
          wheals_unrand_guarded_autumn_katana
Depths:2: evilmike_hourglass, layout_twisted_cross, minmay_holes,
          grunt_pan_entry_sceptre, hell_entry, kennysheep_doodads,
          corner_web_ring

Skill      XL: |  1  2  3  4  5  6  7  8  9 10 11 12 13 14 15 16 17 18 19 20 21 |
---------------+----------------------------------------------------------------+-----
Fighting       | 1 2 3 4 5 6 8 10 11 12 13 14 15 16 17 | 17.5
Earth Magic    | 4 5 6 7 8 9 11 12 13 14 15 16 17 18 | 18.9
Spellcasting   | 4 5 6 8 9 11 12 13 15 16 17 18 19 20 21 | 21.7
Shields        | 3 9 10 11 12 13 14 15 | 15.5
Conjurations   | 1 6 8 10 11 | 11.2
Hexes          | 11 | 11.1
Dodging        | |  2.4
Stealth        | |  2.4
Transmutations | |  1.1

Action                   |  1- 3 |  4- 6 |  7- 9 | 10-12 | 13-15 | 16-18 | 19-21 || total
-------------------------+-------+-------+-------+-------+-------+-------+-------++-------
Melee: Unarmed           |    53 |       |       |       |       |       |       ||    53
       Short sword       |       |    90 |    63 |    22 |       |       |       ||   175
       Dagger            |       |       |       |   112 |       |       |       ||   112
       Staff             |       |       |       |    10 |    41 |     5 |    30 ||    86
Throw: Stone             |       |       |     1 |       |     3 |     6 |     4 ||    14
 Cast: Sandblast         |    38 |    31 |   125 |    62 |    70 |    24 |    31 ||   381
       Stone Arrow       |     7 |    34 |    99 |   267 |   731 |   597 |   523 ||  2258
       Lee's Rapid Decon |       |       |    19 |    96 |   163 |   186 |   266 ||   730
       Petrify           |       |       |     1 |     4 |    17 |    22 |    18 ||    62
       Borgnjor's Vile C |       |       |       |     1 |    10 |    52 |   119 ||   182
       Blink             |       |       |       |       |       |    32 |     8 ||    40
       Sublimation of Bl |       |       |       |       |       |     1 |     5 ||     6
       Regeneration      |       |       |       |       |       |     1 |       ||     1
Evoke: Wand              |       |       |       |    10 |     5 |    10 |    40 ||    65
       Box of beasts     |       |       |       |     1 |       |       |     3 ||     4
       Phial of floods   |       |       |       |       |       |     2 |     3 ||     5
       Sack of spiders   |       |       |       |       |       |     3 |       ||     3
  Use: Scroll            |       |     3 |     4 |    19 |    18 |    34 |    12 ||    90
       Potion            |       |       |       |     5 |       |    17 |    12 ||    34
 Stab: Sleeping          |     8 |     2 |     2 |     3 |     2 |       |       ||    17
       Paralysed         |       |       |       |    14 |       |       |       ||    14
       Petrified         |       |       |       |     8 |       |       |       ||     8
  Eat: Chunk             |     2 |     9 |     7 |    31 |    39 |     8 |    12 ||   108
       Ration            |       |     1 |     2 |     1 |     1 |     9 |     5 ||    19
Armor: Robe              |    15 |    18 |    30 |    54 |    72 |       |       ||   189
       Troll leather arm |       |       |       |       |    36 |    15 |       ||    51
       Leather armour    |       |       |       |       |       |   155 |   119 ||   274
       Skin              |       |       |       |       |       |       |    15 ||    15
Dodge: Dodged            |    64 |    82 |   149 |   236 |   228 |   231 |   182 ||  1172
       Deflected         |       |       |       |       |    15 |     4 |       ||    19
Block: Buckler           |       |       |       |       |    92 |   122 |    57 ||   271
       Shield            |       |       |       |       |       |       |   245 ||   245
